AoeStats
← web

Arabia

506040686Analyzed
3v3 RM · 21d ago on Sep 12, 2026· 57m 28s· 6 players
Game mode
Random Map
Map size
Normal (6 player)
Population
200
Speed
Normal
Resources
Standard
Victory
Conquest
Starting age
Dark Age
Ending age
Imperial Age
RankedLock teamsTeams togetherTeam positionsShared explorationLock speedFull tech treeHidden civsTurbo modeCheats
Victory
Defeat
🇺🇸 Maya · United States
1241
+16
🇨🇳 Khmer · China
1206
+18
🇨🇴 Ethiopians · Colombia
1173
+19
🇨🇦 Wei · Canada
1267
-19
🇨🇦 Saracens · Canada
1235
-17
🇲🇽 Malians · Mexico
1230
-17
12014665
2:48 Loom
6:45 Loom
9:48 Feudal Age
16:52 Double-Bit Axe
20:31 Horse Collar
21:33 Forging
23:30 Castle Age
21:57 Gold Mining
22:46 Bloodlines
23:07 Scale Barding Armor
23:36 Light Cavalry
24:18 Husbandry
27:22 Bow Saw
28:49 Iron Casting
31:38 Chain Barding Armor
40:56 Imperial Age
40:13 Wheelbarrow
40:03 Heavy Plow
40:59 Elite Battle Elephant
42:27 Hand Cart
43:36 Tusk Swords
44:18 Conscription
46:39 Gold Shaft Mining
46:44 Plate Barding Armor
47:23 Hussar
50:30 Chemistry
49:30 Pikeman
50:31 Scale Mail Armor
51:35 Blast Furnace
51:05 Arson
53:00 Chain Mail Armor
54:06 Siege Engineers
53:36 Halberdier
54:42 Capped Ram
57:18 Fletching
57:29 Padded Archer Armor
web
0:34 Loom
9:21 Feudal Age
10:05 Double-Bit Axe
15:49 Fletching
17:40 Padded Archer Armor
23:49 Castle Age
21:44 Horse Collar
23:52 Crossbowman
24:48 Gold Mining
25:09 Bow Saw
24:59 Bodkin Arrow
25:14 Thumb Ring
28:20 Ballistics
30:31 Wheelbarrow
30:37 Leather Archer Armor
32:23 Hand Cart
36:05 Town Watch
39:57 Imperial Age
39:22 Heavy Plow
39:54 Stone Mining
40:01 Arbalester
40:49 Bracer
41:51 Ring Archer Armor
42:24 Chemistry
46:06 Town Patrol
46:17 Murder Holes
47:56 Conscription
48:14 Hoardings
49:52 Eagle Warrior
50:32 Squires
50:18 Arson
50:35 Scale Mail Armor
50:46 Forging
51:15 Elite Eagle Warrior
52:16 Pikeman
52:50 Halberdier
54:10 Chain Mail Armor
54:31 Iron Casting
The VlachoGamer
4:37 Loom
11:10 Feudal Age
12:00 Double-Bit Axe
15:39 Fletching
15:49 Padded Archer Armor
26:02 Castle Age
26:07 Crossbowman
27:26 Bodkin Arrow
35:47 Town Watch
35:55 Gold Mining
35:56 Stone Mining
35:49 Horse Collar
36:21 Bow Saw
38:18 Leather Archer Armor
44:40 Imperial Age
46:17 Wheelbarrow
45:25 Arbalester
51:24 Bracer
51:55 Ring Archer Armor
51:48 Ballistics
52:36 Chemistry
52:41 Thumb Ring
HannibalBarca
6:53 Loom
9:37 Feudal Age
12:38 Double-Bit Axe
15:49 Fletching
19:09 Horse Collar
22:32 Castle Age
20:56 Padded Archer Armor
22:40 Crossbowman
23:54 Bow Saw
24:02 Bodkin Arrow
25:16 Thumb Ring
28:49 Wheelbarrow
29:56 Leather Archer Armor
32:55 Pikeman
35:36 Gold Mining
35:48 Heavy Plow
38:08 Squires
39:31 Ballistics
39:35 Scale Mail Armor
39:46 Forging
43:52 Imperial Age
41:39 Hand Cart
44:27 Arbalester
46:05 Conscription
50:00 Two-Man Saw
48:40 Onager
MocoLoco
7:12 Loom
9:18 Feudal Age
9:54 Double-Bit Axe
10:14 Horse Collar
20:10 Castle Age
18:41 Gold Mining
19:24 Fletching
19:55 Padded Archer Armor
20:17 Bloodlines
21:12 Bow Saw
21:27 Bodkin Arrow
23:52 Thumb Ring
25:29 Wheelbarrow
25:36 Wheelbarrow
26:23 Ballistics
27:33 Hand Cart
27:29 Scale Barding Armor
27:42 Leather Archer Armor
27:39 Thumb Ring
27:48 Town Watch
31:00 Husbandry
32:42 Scale Barding Armor
34:48 Stone Mining
35:47 Forging
38:11 Chain Barding Armor
38:28 Iron Casting
41:51 Imperial Age
41:53 Heavy Hei Guang Cavalry
43:40 Blast Furnace
42:33 Light Cavalry
43:44 Conscription
46:01 Ming Guang Armor
46:11 Bracer
47:13 Chemistry
46:24 Masonry
49:53 Tuntian
49:17 Hussar
Lordxc
6:56 Loom
9:49 Feudal Age
11:07 Man-at-Arms
16:10 Horse Collar
21:41 Fletching
25:24 Castle Age
28:00 Bodkin Arrow
32:42 Double-Bit Axe
34:46 Elite Skirmisher
37:44 Padded Archer Armor
41:24 Scale Mail Armor
41:36 Forging
41:55 Tigui
44:23 Leather Archer Armor
44:25 Chain Mail Armor
47:57 Gold Mining
50:26 Wheelbarrow
49:39 Town Watch
Connection lost

Rejoining the realm…

Still unreachable

The connection could not be restored.

Session expired

The server has moved on; the page needs a fresh start.